 Dungeon Crawl Stone Soup version 0.30-a0-824-g6c64550be9 (webtiles) character file.

Game seed: 10338112973254213594

100 ytrimaz the Trooper (level 4, -4/52 HPs)
             Began as an Ogre Berserker on Feb 27, 2023.
             Was a Believer of Trog.
             Slain by Ijyb
             ... wielding a +0 club
              (6 damage)
             ... on level 3 of the Dungeon.
             The game lasted 00:03:19 (2337 turns).

ytrimaz the Trooper (Ogre Berserker)                Turns: 2337, Time: 00:03:20

Health: -4/52      AC:  3    Str: 23    XL:     4   Next: 73%
Magic:  4/4        EV: 15    Int:  8    God:    Trog [**....]
Gold:   54         SH:  0    Dex:  8    Spells: 3/3 levels left

rFire   . . .      SeeInvis .    a - +0 mace
rCold   . . .      Faith    .    (no shield)
rNeg    . . .      Spirit   .    b - +0 animal skin
rPois   .          Reflect  .    (helmet restricted)
rElec   .          Harm     .    (no cloak)
rCorr   .          Rampage  .    (gloves unavailable)
Will    .....                    (boots unavailable)
Stlth   +                        (no amulet)
HPRegen 0.28/turn                l - +5 ring of evasion
MPRegen 0.09/turn                (no ring)

@: brilliant, on berserk cooldown, slowed, very slow
A: large, unfitting armour, tough skin 1
a: Renounce Religion, Berserk, Trog's Hand


You were on level 3 of the Dungeon.
You worshipped Trog.
Trog was pleased with you.
You visited 1 branch of the dungeon, and saw 3 of its levels.

You collected 54 gold pieces.


Innate Abilities, Weirdness & Mutations

You are too large for most types of armour.
You have tough skin. (AC +1)


   Skills:
 + Level 5.7 Fighting
 + Level 3.9 Maces & Flails
 - Level 2.6 Dodging


You had 3 spell levels left.
You didn't know any spells.
Your spell library was empty.

Inventory:

Hand Weapons
 a - a +0 mace (weapon)
Armour
 b - a +0 animal skin (worn)
Jewellery
 g - a ring of fire
   (You found it on level 1 of the Dungeon)
 l - a +5 ring of evasion (left hand)
   (You found it on level 2 of the Dungeon)
 m - an amulet of the acrobat
   (You found it on level 3 of the Dungeon)
Scrolls
 d - a scroll of magic mapping {unknown}
 e - a scroll of identify {unknown}
 h - a scroll of poison {unknown}
 j - a scroll of amnesia {unknown}
 k - a scroll of acquirement {unknown}
Potions
 c - a potion of ambrosia
 f - a potion of brilliance
 i - a potion of curing {unknown}

Dungeon Overview and Level Annotations

Branches:
Dungeon (3/15) Zot: 15609

Altars:

Shops:
D:1 [

Annotations:
D:3 Ijyb

#. #. .##.... ........
###.##. ......# #........
.....#.###.##.##.........
#..#...#.........#.......
................##.......
.......#........!#.......
.........).......†.......
........†..†.)g..........
.........<....@..........
.......#...............#.
.......####.....######.#
......# ...###.# P# #
...... #..... #.# P#
...... #......#.# ......
#......#.# #.....?..#


You could see Ijyb.


Message History

You take 4 damage, and now have 36/52 hp.
You barely miss Ijyb. The frilled lizard bites you. Ijyb closely misses you.
Ijyb barely misses you.
The frilled lizard bites you but does no damage. 😮 HP[-1]
You take 1 damage, and now have 35/52 hp.
You closely miss Ijyb. The frilled lizard barely misses you.
Ijyb barely misses you. 😮 HP[+1]
You barely miss Ijyb. The frilled lizard barely misses you.
Ijyb closely misses you. Ijyb hits you with a +0 club.
The frilled lizard bites you but does no damage. 😮 HP[-6]
You take 6 damage, and now have 30/52 hp.
Unknown command.
You hit Ijyb but do no damage.
The frilled lizard bites you but does no damage.
Ijyb zaps a wand.
The bolt of light misses you. Ijyb hits you with a +0 club.
* * * LOW HITPOINT WARNING * * *
The frilled lizard bites you.
* * * LOW HITPOINT WARNING * * *
😨 HP[-8]
You take 8 damage, and now have 22/52 hp.
You hit Ijyb but do no damage. The frilled lizard misses you.
Ijyb closely misses you. The frilled lizard misses you.
Ijyb hits you with a +0 club.
* * * LOW HITPOINT WARNING * * *
😨 HP[-2]
You take 2 damage, and now have 20/52 hp.
Unknown command.
You barely miss Ijyb.
The frilled lizard bites you but does no damage.
Ijyb misses you. Ijyb hits you with a +0 club.
* * * LOW HITPOINT WARNING * * *
The frilled lizard bites you but does no damage. 😨 HP[-5]
You take 5 damage, and now have 15/52 hp.
You hit Ijyb but do no damage. The frilled lizard bites you.
* * * LOW HITPOINT WARNING * * *
Ijyb screams, "Me very upset!"
Ijyb barely misses you. The frilled lizard bites you.
* * * LOW HITPOINT WARNING * * *
Ijyb hits you with a +0 club.
* * * LOW HITPOINT WARNING * * *
😱 HP[-5]
You take 5 damage, and now have 10/52 hp.
You barely miss Ijyb. The frilled lizard bites you.
* * * LOW HITPOINT WARNING * * *
Ijyb misses you. 😱 HP[-1]
You take 1 damage, and now have 9/52 hp.
Unknown command.
It was a potion of ambrosia.
You are confused.
You feel invigorated. The frilled lizard misses you.
Ijyb hits you with a +0 club.
* * * LOW HITPOINT WARNING * * *
The frilled lizard barely misses you.
Ijyb zaps a wand.
The bolt of light hits you!
You are more confused.
* * * LOW HITPOINT WARNING * * *
😱 HP[-8]
You take 8 damage, and now have 1/52 hp.
You hit the frilled lizard.
You kill the frilled lizard!
Trog accepts your kill. Ijyb hits you with a +0 club.
* * * LOW HITPOINT WARNING * * *
Ijyb misses you. 😱 HP[+8]
You regained 8 hp, and now have 9/52 hp.
Unknown command.
Unknown command.
You closely miss Ijyb. Ijyb completely misses you.
Ijyb hits you with a +0 club.
* * * LOW HITPOINT WARNING * * *
😨 HP[+5]
You regained 5 hp, and now have 14/52 hp.
Unknown command.
You hit Ijyb but do no damage. Ijyb hits you with a +0 club.
* * * LOW HITPOINT WARNING * * *
😨 HP[+4]
You regained 4 hp, and now have 18/52 hp.
You feel less invigorated. Ijyb hits you with a +0 club.
* * * LOW HITPOINT WARNING * * *
Ijyb hits you with a +0 club.
* * * LOW HITPOINT WARNING * * *
Ijyb zaps a wand.
The bolt of light hits you!!
* * * LOW HITPOINT WARNING * * *
😱 HP[-17]
You take 17 damage, and now have 1/52 hp.
MASSIVE DAMAGE!! (PAUSE)
You feel less confused.
It was a potion of brilliance.
You feel clever all of a sudden. Ijyb hits you with a +0 club.
You die...

Skill      XL: |  1  2  3 |
---------------+----------+-----
Maces & Flails | 3 |  3.9
Fighting       | 5 |  5.7
Dodging        | |  2.6

Action                     |  1- 3 |  4- 6 || total
---------------------------+-------+-------++-------
  Melee: Mace              |   113 |    78 ||   191
 Invoke: Berserk           |       |     1 ||     1
    Use: Potion            |       |     2 ||     2
 Armour: Animal skin       |    43 |    26 ||    69
  Dodge: Dodged            |    70 |    84 ||   154

Levels and vault maps discovered:
D:1:      heliophobic_arrival_enchanted_forest, layout_basic, serial_shops,
          shop, hangedman_decor_clover_reticule, minivault_26,
          due_unseen_surprise
D:2:      layout_basic
D:3:      layout_rooms, serial_aquarium, aquarium_bridge_straight
          [aquarium_subvault_bridge, aquarium_subvault_window,
          aquarium_subvault_bridge, aquarium_subvault_window],
          aquarium_window_fake, aquarium_window_corridor_3, aquarium_window_1,
          aquarium_view_2e, minmay_diced_spiral, uniq_ijyb

Notes
Turn   | Place    | Note
-------+----------+-------------------------------------------
     0 | D:1      | ytrimaz the Ogre Berserker began the quest for the Orb.
     0 | D:1      | Reached XP level 1. HP: 24/24 MP: 1/1
     0 | D:1      | magus.rc [v1.9.6]
     4 | D:1      | Found Qyotacol's Armour Boutique.
    80 | D:1      | Reached skill level 3 in Maces & Flails
    80 | D:1      | Reached XP level 2. HP: 21/33 MP: 2/2
   404 | D:1      | Reached XP level 3. HP: 14/41 MP: 3/3
   463 | D:1      | Reached ** piety under Trog
  1164 | D:2      | Reached skill level 5 in Fighting
  1425 | D:2      | Reached XP level 4. HP: 38/50 MP: 4/4
  2310 | D:3      | Noticed Ijyb
  2328 | D:3      | HP: 13/52 [frilled lizard (1)]
  2330 | D:3      | HP: 1/52 [Ijyb/bolt of light (9)]
  2335 | D:3      | HP: 1/52 [Ijyb/bolt of light (18)]
  2337 | D:3      | Slain by Ijyb

Vanquished Creatures
  3 adders (D:2)
  A worm (D:2)
  3 dart slugs
  An orc (D:3)
  5 endoplasms
  7 goblins
  7 hobgoblins
  4 jackals (D:1)
  5 kobolds
  4 quokkas
  4 ball pythons
  6 bats
  5 frilled lizards
  2 rats
57 creatures vanquished.

Table legend:
 A = Non-vault XP
 B = Vault XP
 C = Vault XP percentage of total XP
 D = Non-vault monster count
 E = Vault monster count
 F = Vault count percentage of total count
                 A         B        C        D         E       F
            +---------+---------+-------+---------+---------+-------
      Total |     143 |       0 |   0.0 |      57 |       0 |   0.0
            +---------+---------+-------+---------+---------+-------
        D:1 |      46 |       0 |   0.0 |      26 |       0 |   0.0
        D:2 |      84 |       0 |   0.0 |      24 |       0 |   0.0
        D:3 |      13 |       0 |   0.0 |       7 |       0 |   0.0
            +---------+---------+-------+---------+---------+-------

Illustrated notes

Table legend:
 A = Kills in this place as a percentage of kills in entire the game.
 B = Kills by you in this place as a percentage of kills by you in the entire game.
 C = Kills by friends in this place as a percentage of kills by friends in the entire game.
 D = Other kills in this place as a percentage of other kills in the entire game.
 E = Experience gained in this place as a percentage of experience gained in the entire game.
 F = Experience gained in this place divided by the number of levels of this place that you have seen.
                   A       B       C       D       E      F
               +-------+-------+-------+-------+-------+----------------------
         Total | 100.0 | 100.0 |   N/A |   N/A | 100.0 |  47.7
       Dungeon | 100.0 | 100.0 |   N/A |   N/A | 100.0 |  47.7
               +-------+-------+-------+-------+-------+----------------------

Table legend: (Time is in decaauts)
 A = Elapsed time spent in this place.
 B = Non-inter-level travel time spent in this place.
 C = Inter-level travel time spent in this place.
 D = Time resting spent in this place.
 E = Time spent auto-exploring this place.
 F = Levels seen in this place.
 G = Mean time per level.
                   A        B        C        D        E       F      G
               +--------+--------+--------+--------+--------+-----+--------+
         Total |   2388 |   2346 |     42 |      0 |   1855 |   3 |  796.0 |
       Dungeon |   2388 |   2346 |     42 |      0 |   1855 |   3 |  796.0 |
               +--------+--------+--------+--------+--------+-----+--------+

Top non-repeatable levels by time:
     D:1: 1167 daAuts
     D:2: 1139 daAuts
     D:3: 81 daAuts
